 Dungeon Crawl Stone Soup version 0.29-a0-1033-gb6c65ffae6 (webtiles) character file.

Game seed: 4442612016361969881

1350 siradein the Trooper (level 8, -7/70 HPs)
             Began as a Yellow Draconian Hunter on Aug 15, 2022.
             Mangled by an iguana (11 damage)
             ... on level 6 of the Dungeon.
             The game lasted 00:09:19 (5079 turns).

siradein the Trooper (Yellow Draconian Hunter)      Turns: 5079, Time: 00:09:20

Health: -7/70      AC:  6    Str: 15    XL:     8   Next: 36%
Magic:  8/8        EV: 14    Int:  9    God:
Gold:   162        SH:  0    Dex: 16    Spells: 7/7 levels left

rFire   + . .      SeeInvis .   a - +1 shortbow
rCold   . . .      Faith    .   (shield currently unavailable)
rNeg    . . .      Spirit   .   (body armour unavailable)
rPois   .          Reflect  .   (helmet restricted)
rElec   .          Harm     .   (no cloak)
rCorr   +          Rampage  .   (no gloves)
Will    .....                   (no boots)
Stlth   +++.......              l - amulet of regeneration
HPRegen 1.01/turn               c - ring of protection from fire
MPRegen 0.11/turn               (no ring)

@: lethally poisoned (-7 -> -13), short of breath
A: spit acid, AC +6, unfitting armour, cold-blooded, acid resistance
a: Breathe Acid


You were on level 6 of the Dungeon.
You visited 1 branch of the dungeon, and saw 6 of its levels.

You collected 162 gold pieces.

Inventory:

Hand Weapons
 a - a +1 shortbow (weapon)
 o - a +1 short sword of draining
Jewellery
 c - a ring of protection from fire (left hand)
 l - an amulet of regeneration (around neck)
Wands
 k - a wand of digging (5)
 t - a wand of paralysis (3)
 u - a wand of polymorph (6)
Scrolls
 b - a scroll of immolation
 e - 6 scrolls of teleportation
 f - 3 scrolls of blinking
 g - a scroll of butterflies {unknown}
 m - 2 scrolls of enchant weapon
 p - 2 scrolls of acquirement {unknown}
 v - a scroll of amnesia {unknown}
 x - a scroll of silence {unknown}
Potions
 d - 2 potions of brilliance {unknown}
 h - 2 potions of mutation
 i - a potion of ambrosia {unknown}
 j - a potion of heal wounds
 n - 4 potions of curing
 q - a potion of magic {unknown}
 r - a potion of berserk rage {unknown}
 s - a potion of lignification {unknown}
 w - a potion of might {unknown}


   Skills:
 + Level 6.0 Fighting
 + Level 5.9 Ranged Weapons
 + Level 4.9 Dodging
 + Level 5.1 Stealth


You had 7 spell levels left.
You didn't know any spells.
Your spell library contained the following spells:

 Spells                   Type           Power      Damage    Failure   Level
 Static Discharge         Conj/Air       0%         3-3/arc   52%         2
 Dispel Undead            Necr           0%         3d6       99%         4
 Sticky Flame             Conj/Fire      0%         2d3       99%         4


Dungeon Overview and Level Annotations

Branches:
Dungeon (6/15)
 Temple: D:4-7

Altars:

Shops:
D:5 (


Innate Abilities, Weirdness & Mutations

You can spit globs of acid.
Your golden yellow scales are hard. (AC +6)
You cannot fit into any form of body armour.
You are cold-blooded and may be slowed by cold attacks.
You are resistant to acid. (rCorr)


Message History

The scorpion stings you. The iguana bites you.
You shoot an arrow.
The arrow hits the scorpion but does no damage.
The scorpion is almost dead.
The scorpion barely misses you. The iguana bites you. The scorpion misses you.
You shoot an arrow.
The arrow hits the scorpion but does no damage.
The scorpion is almost dead.
The scorpion stings you but does no damage.
The iguana bites you.
You are too injured to fight recklessly!
You are too injured to fight recklessly!
You are too injured to fight recklessly!
Fire: a) +1 shortbow
Press: ? - help, Q - select action, (/) - cycle Shift-Dir - straight line, f/p - scorpion
Aim: a scorpion (almost dead, 66% to hit)
You shoot an arrow. The arrow closely misses the scorpion.
The scorpion stings you.
You are poisoned.
The scorpion poisons you! The iguana barely misses you.
The scorpion stings you.
You are more poisoned.
The scorpion poisons you!
Fire: a) +1 shortbow
Press: ? - help, Q - select action, (/) - cycle Shift-Dir - straight line, f/p - scorpion
Aim: a scorpion (severely wounded, 66% to hit)
You shoot an arrow. The arrow barely misses the scorpion.
You feel extremely sick. The iguana bites you!
* * * LOW HITPOINT WARNING * * *
The scorpion barely misses you. The iguana bites you!
* * * LOW HITPOINT WARNING * * *
Fire: a) +1 shortbow
Press: ? - help, Q - select action, (/) - cycle Shift-Dir - straight line, f/p - scorpion
Aim: a scorpion (severely wounded, 66% to hit)
You shoot an arrow. The arrow closely misses the scorpion.
* * * LOW HITPOINT WARNING * * *
You feel very sick. The scorpion misses you. The iguana bites you!
You die...

#...##...######+#..
#...###'##.........
#........#.........
######...#.........
#...#.........
#...'......... .
#...#.........
....#####.........
......s@..........
.......l.........#
####.............#
#.............
#.............
#.............
#.....########
#.....#


You could see a scorpion and an iguana.

Vanquished Creatures
  A water moccasin (D:4)
  Pargi (D:3)
  2 black bears (D:5)
  An ogre (D:5)
  A necrophage (D:4)
  A gnoll sergeant (D:6)
  5 jellies
  2 hounds (D:4)
  2 iguanas (D:5)
  Natasha (thrice) (D:3)
  2 orc wizards (D:3)
  11 gnolls
  13 adders
  A white imp (D:6)
  4 worms
  3 dart slugs
  14 orcs
  7 ball pythons
  11 endoplasms
  5 giant cockroaches
  8 goblins
  10 hobgoblins
  4 jackals (D:5)
  3 kobolds
  6 quokkas
  10 bats
  3 frilled lizards (D:1)
  8 rats
142 creatures vanquished.

Vanquished Creatures (others)
  5 fungi (D:3)
5 creatures vanquished.

Grand Total: 147 creatures vanquished

Notes
Turn   | Place    | Note
-------+----------+-------------------------------------------
     0 | D:1      | siradein the Draconian Hunter began the quest for the Orb.
     0 | D:1      | Reached XP level 1. HP: 17/17 MP: 1/1
    22 | D:1      | Reached skill level 1 in Stealth
   105 | D:1      | Reached XP level 2. HP: 24/25 MP: 2/2
   306 | D:1      | Found a faded altar of an unknown god.
   482 | D:1      | Reached XP level 3. HP: 30/30 MP: 3/3
   883 | D:2      | Reached skill level 3 in Fighting
  1305 | D:2      | Reached XP level 4. HP: 38/38 MP: 4/4
  1660 | D:3      | Noticed Pargi
  1670 | D:3      | Killed Pargi
  1671 | D:3      | Reached XP level 5. HP: 34/45 MP: 5/5
  2088 | D:3      | Reached XP level 6. HP: 52/52 MP: 6/6
  2258 | D:3      | Reached skill level 4 in Fighting
  2602 | D:3      | Identified the +0 leather armour of the Dolphin {Regen+
                  | Int-4 Dex-5 SInv}
  2701 | D:3      | Noticed Natasha
  2712 | D:3      | Killed Natasha
  2994 | D:3      | Noticed Natasha
  3003 | D:3      | Killed Natasha
  3387 | D:3      | Noticed Natasha
  3391 | D:3      | Killed Natasha
  3767 | D:4      | Your scales start taking on a golden yellow colour.
  3767 | D:4      | Reached XP level 7. HP: 60/60 MP: 7/7
  3767 | D:4      | Gained mutation: You are resistant to acid. (rCorr) [Yellow
                  | Draconian growth]
  3859 | D:4      | Reached skill level 5 in Ranged Weapons
  4105 | D:4      | Reached skill level 5 in Fighting
  4222 | D:5      | Entered Level 5 of the Dungeon
  4321 | D:5      | Found Plog's Antique Weapon Boutique.
  4540 | D:5      | Reached XP level 8. HP: 69/69 MP: 8/8
  4861 | D:5      | Reached skill level 5 in Stealth
  4974 | D:6      | Reached skill level 6 in Fighting
  5079 | D:6      | Mangled by an iguana

Illustrated notes

Levels and vault maps discovered:
D:1:      amcnicky_arrival_gap_in_the_tavern_cellar, layout_loops_ring,
          chequers_ecumenical_altar_twisty
D:2:      layout_basic
D:3:      layout_loops_ring, nrook_mini_backslash, dk_noncrumbling_4,
          dreamdust_mushroom_princess, chequers_serial_rivers_micro_a,
          minivault_19, corner_web_ring, grunt_ministairs_15, nrook_mini_vaults,
          minmay_snake_closets, uniq_natasha, uniq_pargi
D:4:      layout_cave_pools
D:5:      layout_loops_ring, serial_shops, shop
D:6:      layout_gridville

Skill      XL: |  1  2  3  4  5  6  7  8 |
---------------+-------------------------+-----
Stealth        | 1 2 3 4 5 |  5.1
Dodging        | 2 3 4 |  4.9
Fighting       | 3 4 5 6 |  6.0
Ranged Weapons | 4 5 |  5.9

Action                   |  1- 3 |  4- 6 |  7- 9 || total
-------------------------+-------+-------+-------++-------
Melee: Shortbow          |       |     2 |       ||     2
 Fire: Shortbow          |   131 |   189 |   173 ||   493
 Abil: Breathe Acid      |       |       |     9 ||     9
  Use: Scroll            |       |    10 |     1 ||    11
Armor: Skin              |    22 |    45 |    30 ||    97
Dodge: Dodged            |    48 |    65 |    80 ||   193

Table legend: (Time is in decaauts)
 A = Elapsed time spent in this place.
 B = Non-inter-level travel time spent in this place.
 C = Inter-level travel time spent in this place.
 D = Time resting spent in this place.
 E = Time spent auto-exploring this place.
 F = Levels seen in this place.
 G = Mean time per level.
                   A        B        C        D        E       F      G
               +--------+--------+--------+--------+--------+-----+--------+
         Total |   5215 |   5096 |    119 |      0 |   4232 |   6 |  869.2 |
       Dungeon |   5215 |   5096 |    119 |      0 |   4232 |   6 |  869.2 |
               +--------+--------+--------+--------+--------+-----+--------+

Top non-repeatable levels by time:
     D:3: 2089 daAuts
     D:2: 930 daAuts
     D:1: 837 daAuts
     D:5: 738 daAuts
     D:4: 477 daAuts
     D:6: 141 daAuts
